 Dungeon Crawl Stone Soup version 0.18.1-50-g88ac8fd (webtiles) character file.

266 nikopol the Chopper (level 6, 0/84 HPs)
             Began as a Hill Orc Berserker on Oct 18, 2016.
             Was a Priest of Trog.
             Killed by divine providence
             ... invoked by an orc priest
              (10 damage)
             ... on level 4 of the Dungeon on Oct 20, 2016.
             The game lasted 00:11:10 (3055 turns).

nikopol the Chopper (Hill Orc Berserker)            Turns: 3055, Time: 00:11:11

Health: 0/84       AC:  5    Str: 25    XL:     6   Next: 20%
Magic:  6/6        EV: 12    Int:  7    God:    Trog [***...]
Gold:   208        SH:  0    Dex: 12    Spells: 0 memorised, 5 levels left

rFire  . . .     SeeInvis .     a - +0 hand axe
rCold  . . .     Gourm    .     h - +0 ring mail
rNeg   . . .     Faith    .     (no shield)
rPois  .         Spirit   .     (no helmet)
rElec  .         Dismiss  .     (no cloak)
rCorr  .         Reflect  .     (no gloves)
SustAt .         Harm     .     (no boots)
MR     .....                    (no amulet)
Stlth  ..........               (no ring)
                                (no ring)

@: berserking, very quick, not resistant to hostile enchantments, extremely
unstealthy
A: no striking features
a: Berserk, Trog's Hand, Burn Spellbooks, Renounce Religion, Convert to Beogh


You were on level 4 of the Dungeon.
You worshipped Trog.
Trog was most pleased with you.
You were hungry.

You visited 1 branch of the dungeon, and saw 5 of its levels.

You collected 208 gold pieces.

Inventory:

Hand Weapons
 a - a +0 hand axe (weapon)
Missiles
 f - 79 arrows (quivered)
Armour
 b - a +0 animal skin
 h - a +0 ring mail (worn)
Jewellery
 l - an uncursed ring of sustain attributes {unknown}
 w - a cursed ring of loudness {unknown}
 y - a cursed amulet of rage {unknown}
Wands
 v - a wand of digging (14/24)
Scrolls
 d - 3 scrolls of remove curse {unknown}
 i - a scroll of enchant armour {unknown}
 m - 8 scrolls of identify {unknown}
 n - a scroll of recharging {unknown}
 p - a scroll of fog {unknown}
 q - a scroll of teleportation {unknown}
 t - a scroll of amnesia {unknown}
 u - a scroll of enchant weapon {unknown}
Potions
 e - 3 potions of mutation {unknown}
 g - 2 potions of magic {unknown}
 j - 2 potions of heal wounds {unknown}
 r - a potion of curing {unknown}
 s - a potion of degeneration {unknown}
Comestibles
 c - 3 bread rations
 k - 2 fruits
 o - a royal jelly
 z - a meat ration


   Skills:
 + Level 5.0 Fighting
 + Level 5.4 Axes
 + Level 3.7 Armour
 + Level 3.2 Dodging


You had 5 spell levels left.
You didn't know any spells.

Dungeon Overview and Level Annotations

Branches:
Dungeon (5/15)
 Temple: D:4-7

Altars:
Dithmenos
Pakellas
Sif Muna
Xom


Message History

* * * LOW HITPOINT WARNING * * *
The orc priest barely misses you.
Things that are here:
a dagger; a robe You hit the orc priest.
The orc priest is heavily wounded.
The orc priest barely misses you.
You hit the orc priest.
The orc priest is severely wounded.
The orc priest completely misses you. The orc priest hits you with a whip.
* * * LOW HITPOINT WARNING * * *
You barely miss the orc priest.
The orc priest is severely wounded.
The orc priest closely misses you.
A red film seems to cover your vision as you go berserk!
You feel yourself moving faster!
You feel mighty!
You are feeling hungry.
The orc priest mumbles some strange prayers to Beogh against you.
Beogh smites you!
You die...

#......!... ...........
##..........
........... #
#...........
...........
#.#...l.......
...........
............
........... #o.........
........... #.)........
.......>...
###.###############.###
#{lo@................
#################.###
#.# #.### #.... #####


You could see an orc priest and a giant newt.

Vanquished Creatures
  A phantom (D:3)
  An orc wizard (D:4)
  4 adders
  2 oozes (D:2)
  A worm (D:3)
  2 dart slugs
  5 giant geckos
  2 orcs (D:4)
  A ball python (D:1)
  4 giant cockroaches
  23 goblins
  9 hobgoblins
  11 jackals
  3 quokkas
  7 bats
  A giant newt (D:2)
  3 kobolds
  8 rats
88 creatures vanquished.

Notes
Turn   | Place    | Note
--------------------------------------------------------------
     0 | D:1      | nikopol the Hill Orc Berserker began the quest for the Orb.
     0 | D:1      | Reached XP level 1. HP: 19/19 MP: 1/1
   261 | D:1      | Reached XP level 2. HP: 24/27 MP: 2/2
   535 | D:1      | Reached XP level 3. HP: 21/33 MP: 3/3
   638 | D:1      | Reached ** piety under Trog
  1049 | D:2      | Reached XP level 4. HP: 22/40 MP: 4/4
  1248 | D:2      | Found an oddly glowing altar of Pakellas.
  1548 | D:2      | Reached *** piety under Trog
  1705 | D:2      | Found a deep blue altar of Sif Muna.
  1784 | D:3      | Reached XP level 5. HP: 33/47 MP: 5/5
  1789 | D:3      | Noticed a phantom
  1794 | D:3      | Found a shadowy altar of Dithmenos.
  2073 | D:3      | Killed a phantom
  2073 | D:3      | Reached skill level 5 in Axes
  2491 | D:3      | Found a shimmering altar of Xom.
  2667 | D:3      | Reached skill level 5 in Fighting
  2668 | D:3      | Reached XP level 6. HP: 55/56 MP: 6/6
  2935 | D:3      | You fall through a shaft for 2 floors!
  2935 | D:5      | Entered Level 5 of the Dungeon
  3055 | D:4      | Killed from afar by an orc priest

Skill      XL: |  1  2  3  4  5 |
---------------+----------------+-----
Fighting       | 4 5 |  5.0
Dodging        | 2 3 |  3.2
Armour         | 3 |  3.7
Axes           | 5 |  5.4

Action                   |  1- 3 |  4- 6 || total
-------------------------+-------+-------++-------
Melee: Hand axe          |   108 |   217 ||   325
Invok: Berserk           |       |     1 ||     1
  Eat: Chunk             |     1 |     6 ||     7
Armor: Animal skin       |     2 |       ||     2
       Ring mail         |    37 |    57 ||    94
Dodge: Dodged            |   105 |   133 ||   238
